 Dungeon Crawl Stone Soup version 0.31-a0-705-ga145531891 (webtiles) character file.

Game seed: 12397020288185876825

4200 dondy the Grappler (level 10, -6/76 HPs)
             Began as a Gnoll Shapeshifter on Sept 9, 2023.
             Was an Initiate of Yredelemnul.
             Mangled by an orc knight
             ... wielding a +0 halberd
              (15 damage)
             ... in a bailey.
             The game lasted 00:22:55 (6834 turns).

dondy the Grappler (Gnoll Shapeshifter)             Turns: 6834, Time: 00:22:56

Health: -6/76      AC: 15    Str: 13    XL:     10   Next: 29%
Magic:  17/17      EV: 17    Int: 15    God:    Yredelemnul [......]
Gold:   472        SH:  0    Dex: 11    Spells: 14/19 levels left

rFire   + .          .
                       - Unarmed
rCold   . . .        A - melded +0 buckler
rNeg    . . .        t - +4 ring mail "Bollomm" {rF+}
rPois   .            (no helmet)
rElec   .            y - +0 cloak
rCorr   .            B - +2 pair of gloves {hurl}
SInv    +            C - +0 pair of boots "Ethralohot" {Fly}
Will    .....        l - amulet of magic regeneration
Stlth   +            s - ring of see invisible
HPRegen 0.32/turn    F - +5 ring of evasion
MPRegen 0.55/turn

%: no passive effects
@: flux-form, flying, glowing
A: glow, contaminating, fangs 1, strong nose, distributed training
a: Begin Untransformation, Renounce Religion, Recall Undead Harvest


You were in a bailey.
You worshipped Yredelemnul.
Yredelemnul was noncommittal.
You were something dangerously unstable.
You visited 2 branches of the dungeon, and saw 9 of its levels.
You also visited: Bailey.

You collected 472 gold pieces.

Inventory:

Hand Weapons
 r - a +2 heavy spear
Missiles
 f - 3 boomerangs
 p - 5 javelins
 K - 10 poisoned darts
 L - a curare-tipped dart
Armour
 t - the +4 ring mail "Bollomm" (worn) {rF+}
   (You found it on level 4 of the Dungeon)

   rF+:       It protects you from fire.
 y - a +0 cloak (worn)
 A - a +0 buckler (melded)
 B - a +2 pair of gloves of hurling (worn)
 C - the +0 pair of boots "Ethralohot" (worn) {Fly}
   (You found it on level 6 of the Dungeon)

   Fly:       It grants you flight.
 G - a +2 robe of fire resistance
Jewellery
 l - an amulet of magic regeneration (around neck)
 s - a ring of see invisible (left hand)
 F - a +5 ring of evasion (right hand)
Talismans
 c - a beast talisman
 d - a flux talisman (active)
 D - a blade talisman
Scrolls
 e - 8 scrolls of identify {unknown}
 g - a scroll of poison {unknown}
 h - a scroll of enchant weapon {unknown}
 m - 3 scrolls of teleportation {unknown}
 n - 2 scrolls of revelation {unknown}
 o - 3 scrolls of amnesia {unknown}
 q - 2 scrolls of fog {unknown}
 x - 2 scrolls of silence {unknown}
 z - a scroll of fear {unknown}
 J - a scroll of enchant armour {unknown}
Potions
 a - a potion of berserk rage {unknown}
 i - 3 potions of heal wounds {unknown}
 j - 3 potions of curing {unknown}
 k - 3 potions of brilliance
 u - 3 potions of attraction {unknown}
 v - 2 potions of cancellation {unknown}
 w - 5 potions of might
 E - a potion of mutation {unknown}
 H - 2 potions of resistance {unknown}
 I - 5 potions of haste {unknown}


   Skills:
 + Level 5.9 Fighting
 + Level 5.2 Short Blades
 + Level 5.2 Long Blades
 + Level 5.2 Axes
 + Level 5.2 Maces & Flails
 + Level 5.2 Polearms
 + Level 5.2 Staves
 + Level 5.2 Ranged Weapons
 + Level 5.2 Throwing
 + Level 5.2 Armour
 + Level 7.0 Dodging
 + Level 5.2 Stealth
 + Level 5.2 Shields
 + Level 8.5 Unarmed Combat
 + Level 5.2 Spellcasting
 + Level 4.3 Conjurations
 + Level 4.3 Hexes
 + Level 4.3 Summonings
 + Level 4.3 Necromancy
 + Level 4.3 Translocations
 + Level 4.3 Transmutations
 + Level 4.3 Fire Magic
 + Level 4.3 Ice Magic
 + Level 4.3 Air Magic
 + Level 4.3 Earth Magic
 + Level 4.3 Poison Magic
 + Level 5.7 Invocations
 + Level 5.2 Evocations
 + Level 8.2 Shapeshifting


You had 14 spell levels left.
You knew the following spells:

 Your Spells              Type           Power      Damage    Failure   Level
a - Ignite Poison         Fire/Tmut/Pois 16%        N/A       16%         3
b - Wereblood             Tmut           16%        N/A       9%          2

Your spell library contained the following spells:

 Spells                   Type           Power      Damage    Failure   Level
 Summon Small Mammal      Summ           64%        N/A       5%          1
 Sublimation of Blood     Necr           16%        N/A       9%          2
 Call Canine Familiar     Summ           16%        N/A       16%         3
 Gell's Gravitas          Tloc           16%        N/A       16%         3
 Summon Guardian Golem    Hex/Summ       16%        N/A       16%         3
 Teleport Other           Tloc           16%        N/A       16%         3
 Sticky Flame             Conj/Fire      16%        2d4       47%         4
 Conjure Ball Lightning   Conj/Air       8%         3x3d6     100%        6
 Dispersal                Tloc           8%         N/A       100%        6
 Summon Hydra             Summ           8%         N/A       100%        7
 Discord                  Hex            8%         N/A       100%        8
 Disjunction              Tloc           8%         N/A       100%        8
 Ignition                 Fire           8%         3d5       100%        8


Dungeon Overview and Level Annotations

Branches:
Dungeon (8/15)             Temple (1/1) D:4          Bailey (1/1)
   Lair: D:8-11

Altars:
Ashenzari
Cheibriados
Dithmenos
Elyvilon
Fedhas
Hepliaklqana
Kikubaaqudgha
Makhleb
Nemelex Xobeh
Okawaru
Qazlal
Ru
Sif Muna
Trog
Uskayaw
Vehumet
Wu Jian
Xom
Yredelemnul
The Shining One

Shops:
D:3 *(   D:5 [

Annotations:
D:4 2 transporters, Sphara's ghost, amateur TeMo


Innate Abilities, Weirdness & Mutations

You are something dangerously unstable.
You glow with magical radiation, making you easy to see and hit.
Foes you strike become dangerously contaminated with magical radiation.
You are incapable of wielding weapons or throwing items.
You have very sharp teeth.
Your uncanny sense of smell can sniff out nearby items.
Your experience applies equally to all skills.


Message History

Your orc warrior zombie hits the orc knight but does no damage. x2
The orc knight hits your orc warrior zombie with a +0 halberd!
Your orc warrior zombie is destroyed!
There is an open gate here.
Something hits your orc warrior zombie!!
There is an open gate here.
Things that are here:
a +0 spear; a +0 chain mail; a +0 war axe
Aiming: Quicksilver Bolt
Press: ? - help, Shift-Dir - straight line, f/p - orc knight
Aim: an orc knight, wielding a +0 halberd and wearing a +0 plate armour (moderately wounded, 74% to hit)
The bolt of dispelling energy hits the orc knight!!
The orc knight is heavily wounded.
Unknown command.
Aiming: Quicksilver Bolt
Press: ? - help, Shift-Dir - straight line, f/p - orc knight
Aim: an orc knight, wielding a +0 halberd and wearing a +0 plate armour (heavily wounded, 74% to hit)
The bolt of dispelling energy hits the orc knight!!
The orc knight is almost dead.
Unknown command.
Aiming: Quicksilver Bolt
Press: ? - help, Shift-Dir - straight line, f/p - orc knight
Aim: an orc knight, wielding a +0 halberd and wearing a +0 plate armour (severely wounded, 74% to hit)
The bolt of dispelling energy misses the orc knight.
The now-empty wand crumbles to dust.
Unknown command.
The orc knight hits you with a +0 halberd!
You hit the orc knight but do no damage.
The orc knight begins to glow.
The orc knight is severely wounded.
You hit the orc knight but do no damage.
The orc knight glows dangerously bright.
The orc knight is severely wounded.
The orc knight hits you with a +0 halberd!
* * * LOW HITPOINT WARNING * * *
You barely miss the orc knight.
The orc knight is severely wounded.
The orc knight hits you with a +0 halberd!
You die...
Your body rises from the dead as a mindless zombie.

####### ####### ######
#.....#########.....## ##.....
.......#.....#.......######.....#
..))#..'.....'...##).#....#....##
.o))Z..'.....'....8))'....).....8
....#..'.....'...##..#...)#...)##
.......#.....#.oB.)).######...).#
#.....#########..)).## ##...))
####### ####### ######


You could see an orc knight (heavy contam).

Vanquished Creatures
  2 orc knights (Bailey)
  A steam dragon (D:8)
  A water moccasin (D:8)
  5 orc warriors (Bailey)
  A black bear (D:7)
  2 ice beasts (D:7)
  A sky beast (D:7)
  An ogre (D:4)
  2 phantoms (D:4)
  3 bullfrogs
  2 kobold brigands (D:8)
  3 scorpions
  3 wights (D:8)
  3 killer bees (D:6)
  2 howler monkeys (D:7)
  4 jellies
  3 hounds
  2 orc priests (D:5)
  2 sleepcaps
  Terence (D:3)
  4 orc wizards
  7 gnolls
  9 adders
  A shadow imp (D:7)
  2 worms
  4 dart slugs
  43 orcs
  3 bats
  7 endoplasms
  2 giant cockroaches
  13 goblins
  8 hobgoblins
  2 jackals (D:1)
  3 quokkas
  14 ball pythons
  4 frilled lizards
  10 kobolds
  6 rats
186 creatures vanquished.

Vanquished Creatures (collateral kills)
  A water moccasin (D:7)
  An ogre (D:6)
  A scorpion (D:6)
  A killer bee (D:6)
  A jelly (D:6)
  A gnoll (D:3)
  An orc (D:5)
  3 kobolds (D:8)
10 creatures vanquished.

Vanquished Creatures (others)
  A bullfrog zombie (D:8)
  An adder zombie (D:5)
  A jelly zombie (D:6)
  A gnoll zombie (D:4)
  A goblin zombie (D:8)
  2 hobgoblin zombies
  3 kobold zombies (D:8)
  16 orc zombies
26 creatures vanquished.

Grand Total: 222 creatures vanquished

Notes
Turn   | Place    | Note
-------+----------+-------------------------------------------
     0 | D:1      | dondy the Gnoll Shapeshifter began the quest for the Orb.
     0 | D:1      | Reached XP level 1. HP: 17/17 MP: 1/1
   111 | D:1      | Reached XP level 2. HP: 17/23 MP: 2/2
   352 | D:1      | Reached XP level 3. HP: 28/28 MP: 3/3
   706 | D:1      | Reached skill level 1 in Invocations
   944 | D:1      | Reached skill level 1 in Short Blades
   944 | D:1      | Reached skill level 1 in Long Blades
   944 | D:1      | Reached skill level 1 in Axes
   944 | D:1      | Reached skill level 1 in Maces & Flails
   944 | D:1      | Reached skill level 1 in Polearms
   944 | D:1      | Reached skill level 1 in Staves
   944 | D:1      | Reached skill level 1 in Ranged Weapons
   944 | D:1      | Reached skill level 1 in Throwing
   944 | D:1      | Reached skill level 1 in Armour
   944 | D:1      | Reached skill level 1 in Stealth
   944 | D:1      | Reached skill level 1 in Shields
   944 | D:1      | Reached skill level 1 in Spellcasting
   944 | D:1      | Reached skill level 1 in Evocations
  1158 | D:1      | Found a faded altar of an unknown god.
  1164 | D:1      | Prayed at the altar of an unknown god.
  1164 | D:1      | Became a worshipper of Yredelemnul the Dark
  1243 | D:2      | Reached XP level 4. HP: 34/34 MP: 5/5
  1333 | D:2      | Reached * piety under Yredelemnul
  1581 | D:2      | Reached ** piety under Yredelemnul
  1706 | D:2      | Reached skill level 1 in Conjurations
  1706 | D:2      | Reached skill level 1 in Hexes
  1706 | D:2      | Reached skill level 1 in Summonings
  1706 | D:2      | Reached skill level 1 in Necromancy
  1706 | D:2      | Reached skill level 1 in Translocations
  1706 | D:2      | Reached skill level 1 in Transmutations
  1706 | D:2      | Reached skill level 1 in Fire Magic
  1706 | D:2      | Reached skill level 1 in Ice Magic
  1706 | D:2      | Reached skill level 1 in Air Magic
  1706 | D:2      | Reached skill level 1 in Earth Magic
  1706 | D:2      | Reached skill level 1 in Poison Magic
  2040 | D:3      | Found Addiameu's Antique Weapon Boutique.
  2068 | D:3      | Found a shadowy altar of Dithmenos.
  2071 | D:3      | You fall into a shaft and drop 1 floor!
  2167 | D:4      | Reached XP level 5. HP: 23/40 MP: 5/7
  2288 | D:4      | Noticed a phantom
  2297 | D:4      | Killed a phantom
  2300 | D:4      | Noticed a phantom
  2329 | D:4      | Killed a phantom
  2330 | D:4      | Reached skill level 5 in Dodging
  2330 | D:4      | Reached XP level 6. HP: 34/47 MP: 8/8
  2387 | D:4      | Identified the +4 ring mail "Bollomm" {rF+}
  2497 | D:3      | Found Votsim's Assorted Antiques.
  2845 | D:3      | Noticed Terence
  2853 | D:3      | Killed Terence
  3007 | D:4      | Reached XP level 7. HP: 52/52 MP: 10/10
  3047 | D:4      | Found a staircase to the Ecumenical Temple.
  3100 | D:4      | Found a transporter.
  3107 | Temple   | Entered the Ecumenical Temple
  3170 | D:4      | Noticed Sphara's ghost (amateur TeMo)
  3180 | D:4      | Found a transporter.
  3399 | D:4      | Found a hazy altar of Hepliaklqana.
  3505 | D:5      | Entered Level 5 of the Dungeon
  4055 | D:5      | Reached XP level 8. HP: 60/60 MP: 12/12
  4306 | D:5      | Found Bayajidda's Dragon-Slaying Spoils.
  4573 | D:6      | Found an ancient bone altar of Kikubaaqudgha.
  4681 | D:6      | Found a stormy altar of Qazlal.
  4711 | D:6      | Learned a level 3 spell: Ignite Poison
  4736 | D:6      | Identified the +0 pair of boots "Ethralohot" {Fly}
  5214 | D:6      | Found a sacrificial altar of Ru.
  5215 | D:6      | Found a burning altar of Makhleb.
  5406 | D:7      | Reached XP level 9. HP: 65/66 MP: 14/14
  5463 | D:7      | Found an ornate altar of the Wu Jian Council.
  5671 | D:7      | Learned a level 2 spell: Wereblood
  5677 | D:7      | Reached skill level 5 in Fighting
  6245 | D:8      | Found a flagged portal.
  6266 | D:8      | Reached skill level 5 in Invocations
  6281 | Bailey   | Entered a bailey
  6481 | Bailey   | Noticed an orc knight
  6559 | Bailey   | Killed an orc knight
  6560 | Bailey   | Reached XP level 10. HP: 11/75 MP: 17/17
  6564 | Bailey   | Reached skill level 5 in Short Blades
  6564 | Bailey   | Reached skill level 5 in Long Blades
  6564 | Bailey   | Reached skill level 5 in Axes
  6564 | Bailey   | Reached skill level 5 in Maces & Flails
  6564 | Bailey   | Reached skill level 5 in Polearms
  6564 | Bailey   | Reached skill level 5 in Staves
  6564 | Bailey   | Reached skill level 5 in Ranged Weapons
  6564 | Bailey   | Reached skill level 5 in Throwing
  6564 | Bailey   | Reached skill level 5 in Armour
  6564 | Bailey   | Reached skill level 5 in Stealth
  6564 | Bailey   | Reached skill level 5 in Shields
  6564 | Bailey   | Reached skill level 5 in Spellcasting
  6564 | Bailey   | Reached skill level 5 in Evocations
  6793 | Bailey   | Noticed an orc knight
  6805 | Bailey   | Noticed an orc knight
  6810 | Bailey   | Killed an orc knight
  6834 | Bailey   | Mangled by an orc knight

Illustrated notes

Levels and vault maps discovered:
D:1:      dpeg_arrival_brainrot, layout_basic,
          shapermc_ecumenical_altar_hornbeckon, minmay_vboxes
D:2:      layout_basic
D:3:      layout_rooms, mainiacjoe_overflow_alcove_1, serial_shops,
          nicolae_shop_tiny_glass, nicolae_shop_statue_plus, uniq_terence
D:4:      layout_loops_ring, lemuel_coloured_pillars_altar,
          minmay_temple_entry_grid, gammafunk_ghost_gnarly_gnolls
D:5:      layout_basic, nicolae_shop_dragon_depot
D:6:      layout_rooms, mainiacjoe_overflow_cross_hatched,
          nicolae_overflow_hidden_temple
D:7:      layout_cave_pools, nicolae_overflow_crystal_walls
D:8:      layout_loops_corners, mainiacjoe_overflow_alcove_4, enter_bailey_3
Temple:   dshaligram_water_room_temple
Bailey:   bailey_polearm_5, bailey

Skill      XL: |  1  2  3  4  5  6  7  8  9 10 |
---------------+-------------------------------+-----
Invocations    | 1 2 3 4 5 |  5.7
Short Blades   | 1 2 3 4 5 |  5.2
Long Blades    | 1 2 3 4 5 |  5.2
Axes           | 1 2 3 4 5 |  5.2
Maces & Flails | 1 2 3 4 5 |  5.2
Polearms       | 1 2 3 4 5 |  5.2
Staves         | 1 2 3 4 5 |  5.2
Ranged Weapons | 1 2 3 4 5 |  5.2
Throwing       | 1 2 3 4 5 |  5.2
Armour         | 1 2 3 4 5 |  5.2
Stealth        | 1 2 3 4 5 |  5.2
Shields        | 1 2 3 4 5 |  5.2
Spellcasting   | 1 2 3 4 5 |  5.2
Evocations     | 1 2 3 4 5 |  5.2
Conjurations   | 1 2 3 4 |  4.3
Hexes          | 1 2 3 4 |  4.3
Summonings     | 1 2 3 4 |  4.3
Necromancy     | 1 2 3 4 |  4.3
Translocations | 1 2 3 4 |  4.3
Transmutations | 1 2 3 4 |  4.3
Fire Magic     | 1 2 3 4 |  4.3
Ice Magic      | 1 2 3 4 |  4.3
Air Magic      | 1 2 3 4 |  4.3
Earth Magic    | 1 2 3 4 |  4.3
Poison Magic   | 1 2 3 4 |  4.3
Fighting       | 3 4 5 |  5.9
Dodging        | 5 6 7 |  7.0
Unarmed Combat | 7 8 |  8.5
Shapeshifting  | 7 8 |  8.2

Action                     |  1- 3 |  4- 6 |  7- 9 | 10-12 || total
---------------------------+-------+-------+-------+-------++-------
  Melee: Unarmed           |    63 |   132 |   351 |    17 ||   563
         Punch             |     1 |     6 |     3 |       ||    10
         Bite              |     5 |     9 |    41 |     3 ||    58
   Cast: Wereblood         |       |       |     2 |     1 ||     3
 Invoke: Recall Undead Har |       |     1 |       |       ||     1
  Evoke: Wand              |       |       |       |     9 ||     9
    Use: Potion            |       |       |     3 |       ||     3
   Stab: Sleeping          |       |     2 |     1 |       ||     3
         Distracted        |       |     1 |     2 |       ||     3
 Armour: Animal skin       |    22 |    30 |       |       ||    52
         Ring mail         |       |    22 |   195 |    11 ||   228
         Skin              |       |       |    22 |       ||    22
  Dodge: Dodged            |    34 |    43 |   399 |    16 ||   492
         Form:             |       |       |     2 |       ||     2
         Flux              |       |       |     2 |       ||     2

Table legend: (Time is in decaauts)
 A = Elapsed time spent in this place.
 B = Non-inter-level travel time spent in this place.
 C = Inter-level travel time spent in this place.
 D = Time resting spent in this place.
 E = Time spent auto-exploring this place.
 F = Levels seen in this place.
 G = Mean time per level.
                   A        B        C        D        E       F      G
               +--------+--------+--------+--------+--------+-----+--------+
         Total |   6767 |   6592 |    175 |   1191 |   3868 |  10 |  676.7 |
       Dungeon |   6223 |   6048 |    175 |    962 |   3821 |   8 |  777.9 |
        Temple |      5 |      5 |      0 |      0 |      0 |   1 |    5.0 |
        Bailey |    538 |    538 |      0 |    229 |     47 |   1 |  538.0 |
               +--------+--------+--------+--------+--------+-----+--------+

Top non-repeatable levels by time:
     D:1: 1235 daAuts
     D:5: 1076 daAuts
     D:4: 853 daAuts
     D:2: 804 daAuts
     D:6: 726 daAuts
     D:3: 590 daAuts
     D:7: 583 daAuts
  Bailey: 538 daAuts
     D:8: 353 daAuts
  Temple: 5 daAuts
